 Dungeon Crawl Stone Soup version 0.16-a0-3122-gccf308e (webtiles) character file.

22 Gorice the Twirler (level 2, 0/19 HPs)
             Began as a High Elf Wanderer on Dec 13, 2014.
             Slain by a giant gecko (4 damage)
             ... on level 1 of the Dungeon.
             The game lasted 00:05:22 (683 turns).

Gorice the Twirler (High Elf Wanderer)               Turns: 683, Time: 00:05:22

Health: 0/19       AC:  3    Str: 12    XL:     2   Next: 68%
Magic:  0/4        EV: 10    Int: 15    God:
Gold:   30         SH:  0    Dex: 13    Spells: 1 memorised, 3 levels left

rFire  . . .     SeeInvis .     a - +0 dagger
rCold  . . .     Clarity  .     h - +0 leather armour
rNeg   . . .     SustAb   .     (no shield)
rPois  .         Gourm    .     (no helmet)
rElec  .         Spirit   .     (no cloak)
rCorr  .         Warding  .     (no gloves)
rMut   .         Stasis   .     (no boots)
MR     .....                    (no amulet)
Stlth  +.........               (no ring)
                                (no ring)

@: very slightly contaminated, not resistant to hostile enchantments, very
unstealthy
A: no striking features
a: no special abilities


You were on level 1 of the Dungeon.
You were not hungry.

You visited 1 branch of the dungeon, and saw 1 of its levels.

You collected 30 gold pieces.

Inventory:

Hand weapons
 a - a +0 dagger (weapon)
 l - a +1 hand axe of freezing
Missiles
 k - 12 poisoned needles
 Z - 22 stones (quivered)
Armour
 c - a +0 robe
 h - a +0 leather armour (worn)
Magical devices
 b - a wand of random effects (15)
Scrolls
 g - a scroll of identify {unknown}
 i - 2 scrolls of remove curse {unknown}
 j - a scroll of random uselessness {unknown}
Potions
 e - a potion of beneficial mutation {unknown}
Books
 d - a book of Air

   Spells                             Type                      Level
   a - Shock                          Conjuration/Air              1
   b - Swiftness                      Charms/Air                   2
   c - Repel Missiles                 Charms/Air                   2
   d - Flight                         Charms/Air                   3
   e - Static Discharge               Conjuration/Air              3
   f - Lightning Bolt                 Conjuration/Air              5
Comestibles
 f - a bread ration
 m - a meat ration
 n - 2 chunks of flesh


   Skills:
 - Level 2.0 Fighting
   Level 3.0 Staves
 + Level 1.9 Spellcasting
 * Level 2.1 Conjurations
 * Level 2.0 Air Magic
 - Level 2.0 Evocations


You had 3 spell levels left.
You knew the following spells:

 Your Spells              Type           Power        Failure   Level  Hunger
a - Shock                 Conj/Air       #...         12%         1    ##.....


Dungeon Overview and Level Annotations

Branches:
Dungeon (1/15)

Altars:


Message History

The giant gecko bites you but does no damage.
You closely miss the giant gecko.
The giant gecko is lightly wounded.
The giant gecko bites you.
* * * LOW HITPOINT WARNING * * *
Casting: Shock
Confirm with . or Enter, or press ? or * to list all spells.
Aiming: Shock
Press: ? - help, Shift-Dir - straight line, f - giant gecko
Aim: a giant gecko (lightly wounded, clinging)
You miscast Shock.
You are very lightly contaminated with residual magic.
Your hair stands on end.
The giant gecko bites you but does no damage.
The giant gecko bites you.
* * * LOW HITPOINT WARNING * * *
You hit the giant gecko but do no damage.
The giant gecko is lightly wounded.
The giant gecko bites you.
You die...

#.....# #......#....#.#
.#####.....#######...........#.#
.....#......'...............###..
.....#......#######..............
.....#......# #......#######.
...l.#......# #..............
.$...#......# ###.....########.
....(#......#####.)....#########.
.....'......'..l@.....>........#.
...[.##.....#.####...#########.#.
.....######......###.# # #.#.
#.#.## #......# #.# #...# #(.. #
#.# #......# #.# #...######
.#..## #......# #.# #...+.....
......# #......# #.# #...######
####...####......# #.# #...##....
#................###+###...##.###


You could see a giant gecko.

Vanquished Creatures
  A giant gecko (D:1)
  3 bats (D:1)
  2 hobgoblins (D:1)
  8 jackals (D:1)
  3 giant newts (D:1)
  2 kobolds (D:1)
  A rat (D:1)
20 creatures vanquished.

Notes
Turn   | Place    | Note
--------------------------------------------------------------
     0 | D:1      | Gorice, the High Elf Wanderer, began the quest for the Orb.
     0 | D:1      | Gorice set off with: a book of Air, a wand of random effects (15), a +0 robe, a +0 dagger, a bread ration
     0 | D:1      | Reached XP level 1. HP: 14/14 MP: 3/3
     2 | D:1      | Learned a level 1 spell: Shock
   277 | D:1      | Reached XP level 2. HP: 5/19 MP: 0/4
   683 | D:1      | Slain by a giant gecko

Action                   || total
-------------------------++-------
Melee: Dagger            ||    58
Throw: Stone             ||     1
 Cast: Shock             ||    22
